[Event "Titled Tuesday Blitz August 09 Early 2022"]
[White "Zhukov, Maksim"]
[Black "Agasarov, Benik"]
[WhiteFideId "34181790"]
[BlackFideId "13314823"]
[WhiteElo "1978"]
[BlackElo "2152"]
[Result "1/2-1/2"]
[Round "09"]
[TimeControl "180+1"]
[Date "2022.08.09"]
[WhiteClock "0:00:06"]
[BlackClock "0:01:51"]

1. d4 d5 2. c4 c6 3. cxd5 cxd5 4. Bf4 Nf6 5. e3 Nc6 6. Nc3 Bg4 7. Qb3 Na5 8. Bb5+ Bd7 9. Qa4 Nc6 10. Qb3 e6 11. Nf3 Na5 12. Qa4 Nc6 13. Qb3 a6 14. Bxc6 Bxc6 15. O-O Bd6 16. Bxd6 Qxd6 17. Rac1 O-O 18. Na4 Bb5 19. Rfd1 Rfc8 20. Ne5 Bxa4 21. Qxa4 b5 22. Qa5 Nd7 23. Nd3 Qb6 24. Qxb6 Nxb6 25. b3 Nd7 26. Kf1 a5 27. Ke2 Kf8 28. Kd2 Ke7 29. a3 Kd6 30. Rxc8 Rxc8 31. Rc1 Rxc1 32. Kxc1 f6 33. Kd2 g5 34. b4 Nb6 35. bxa5 Nc4+ 36. Kc3 Nxa5 37. Kb4 Nc4 38. Nc5 h5 39. Nb3 e5 40. Na1 e4 41. Nc2 Kc6 42. Kc3 f5 43. Nb4+ Kd6 44. Nc2 f4 45. Kb4 Kc6 46. Kc3 f3 47. gxf3 exf3 48. Kb4 g4 49. Kc3 Nd6 50. Nb4+ Kd7 51. Kd2 Ne4+ 52. Ke1 Ke6 53. Nd3 h4 54. Nf4+ Kd6 55. Ng6 h3 56. Ne5 g3 57. fxg3 Nxg3 58. Nxf3 Ne4 59. Ke2 Nc3+ 60. Kd3 Nb1 61. Ng5 Nxa3 62. Nxh3 b4 63. Nf4 Nb5 64. h4 b3 65. h5 b2 66. Kc2 Nc3 67. Kxb2 Nd1+ 68. Kc2 Nxe3+ 69. Kd3 Nf5 70. Ke2 Nxd4+ 71. Kd3 Nf5 72. Nxd5 Kxd5 73. h6 Ne7 74. h7 Ng6 75. h8=Q Nxh8 1/2-1/2


[Site "https://www.chess.com"]

[Event "Titled Tuesday Blitz August 09 Early 2022"]
[White "Aaditya Dhingra"]
[Black "Vakhlamov, Igor L."]
[WhiteFideId "25678191"]
[BlackFideId "24126748"]
[WhiteElo "1849"]
[BlackElo "2401"]
[Result "1/2-1/2"]
[Round "10"]
[TimeControl "180+1"]
[Date "2022.08.09"]
[WhiteClock "0:00:17"]
[BlackClock "0:00:50"]

1. e4 c5 2. Nf3 Nc6 3. d4 cxd4 4. Nxd4 g6 5. c4 Nf6 6. Nc3 d6 7. Be2 Nxd4 8. Qxd4 Bg7 9. Be3 O-O 10. Qd2 Be6 11. Rc1 Qa5 12. O-O Rfc8 13. b3 a6 14. f3 b5 15. Nd5 Qxd2 16. Bxd2 Nxd5 17. cxd5 Bd4+ 18. Kh1 Bd7 19. Rfd1 Bb2 20. Rb1 Be5 21. f4 Bd4 22. Bd3 h5 23. h3 a5 24. Kh2 b4 25. Kg3 Kg7 26. Kf3 e5 27. Rdc1 f5 28. fxe5 fxe4+ 29. Bxe4 Bxe5 30. Ke2 Bb5+ 31. Bd3 Bd7 32. Rxc8 Rxc8 33. Rc1 Kf6 34. Rxc8 Bxc8 35. Be3 Bd7 36. Bc2 g5 37. Bb6 g4 38. hxg4 Bxg4+ 39. Kd2 Bc3+ 40. Kc1 Ke5 41. Bxa5 Kxd5 42. Bd8 Kc5 43. Bg5 d5 44. Bd1 Kd4 45. Bxg4 hxg4 46. Kc2 Ke4 47. a4 d4 48. a5 d3+ 49. Kd1 Kd5 50. Be3 Kc6 51. a6 Kc7 52. a7 Kb7 53. Kc1 Ka8 54. Kd1 Kb7 55. Kc1 Be1 56. Kd1 Bc3 1/2-1/2


[Site "https://www.chess.com"]

[Event "Titled Tuesday Blitz August 09 Early 2022"]
[White "Adewumi, Tanitoluwa"]
[Black "Rosenberg, Evan S"]
[WhiteFideId "30966396"]
[BlackFideId "2019299"]
[WhiteElo "2520"]
[BlackElo "2435"]
[Result "0-1"]
[Round "10"]
[TimeControl "180+1"]
[Date "2022.08.09"]
[WhiteClock "0:00:14"]
[BlackClock "0:00:14"]

1. e4 e6 2. d4 d5 3. Nc3 Bb4 4. e5 c5 5. a3 Bxc3+ 6. bxc3 Ne7 7. Nf3 b6 8. Bb5+ Bd7 9. Be2 Ba4 10. h4 c4 11. h5 h6 12. g3 Na6 13. Rb1 Nc7 14. Rb4 Qd7 15. g4 a5 16. Rb1 Nb5 17. Qd2 f6 18. Rg1 O-O-O 19. exf6 gxf6 20. Qf4 Rdf8 21. Bd2 Bxc2 22. Rb2 Bb3 23. a4 Nd6 24. Bd1 Bxd1 25. Rxb6 e5 26. dxe5 fxe5 27. Qxe5 Nc6 28. Qxd5 Bxf3 29. Qc5 Re8+ 30. Be3 Qc7 31. Rg3 Ne4 32. Qb5 Nxg3 33. Ra6 Rxe3+ 34. fxe3 Nb8 35. Rb6 Bb7 36. Re6 Rd8 37. Re7 Qxe7 38. Qxc4+ Nc6 39. Qf4 Ne4 40. Qf5+ Qd7 41. Qf4 Qd2+ 42. Kf1 Qf2+ 43. Qxf2 Nxf2 44. Kxf2 Ne5 45. Kg3 Nxg4 46. Kf4 Rd3 47. e4 Rxc3 48. e5 Rc4+ 49. Kf5 Nxe5 50. Kxe5 Rxa4 51. Kf6 Rh4 52. Kg6 Rxh5 53. Kxh5 a4 54. Kxh6 a3 55. Kg5 a2 56. Kf6 a1=Q+ 57. Kf5 Qa5+ 58. Ke6 Qd5+ 59. Ke7 Kc7 60. Ke8 Qd6 61. Kf7 Qe5 62. Kf8 Qd6+ 63. Ke8 Qd7+ 64. Kf8 Kd6 65. Kg8 Ke6 66. Kf8 Qf7# 0-1


[Site "https://www.chess.com"]

[Event "Titled Tuesday Blitz August 09 Early 2022"]
[White "Averjanov, Alexey"]
[Black "Ferreira, Vitor Hugo Vieira"]
[WhiteFideId "14109867"]
[BlackFideId "2119765"]
[WhiteElo "2629"]
[BlackElo "2168"]
[Result "1/2-1/2"]
[Round "10"]
[TimeControl "180+1"]
[Date "2022.08.09"]
[WhiteClock "0:01:32"]
[BlackClock "0:00:47"]

1. d4 d5 2. c4 c6 3. e3 Nf6 4. Bd3 dxc4 5. Bxc4 e6 6. Nf3 c5 7. O-O Nc6 8. Qe2 a6 9. dxc5 Bxc5 10. a3 O-O 11. b4 Be7 12. Bb2 b5 13. Bb3 Bb7 14. Nbd2 Rc8 15. Rfd1 Qb6 16. Rac1 Rfd8 17. Nd4 h6 18. N2f3 Ne4 19. Nxc6 Bxc6 20. Nd4 Ba8 21. f3 Nd6 22. Rxc8 Rxc8 23. Nxe6 fxe6 24. Bxe6+ Kf8 25. Rxd6 Bxd6 26. Bxc8 Qc7 27. Be6 Bxh2+ 28. Kf1 Be5 29. Bxe5 Qxe5 30. Bd7 Qa1+ 31. Kf2 Qxa3 32. Qd2 Ke7 33. Bf5 Bc6 34. Qc2 Be8 35. Qc5+ Kf7 36. Qd5+ Ke7 37. Qe5+ Kf8 38. Qd6+ Kg8 39. Be6+ Kh7 40. Qf8 Qb2+ 41. Kg1 Qa1+ 42. Kf2 Qb2+ 43. Ke1 Qc3+ 44. Ke2 Qc2+ 45. Kf1 Qb1+ 46. Kf2 Qb2+ 1/2-1/2


[Site "https://www.chess.com"]

[Event "Titled Tuesday Blitz August 09 Early 2022"]
[White "Avinash, Ramesh"]
[Black "Ibarra Jerez, Jose Carlos"]
[WhiteFideId "45018340"]
[BlackFideId "2226332"]
[WhiteElo "1901"]
[BlackElo "2628"]
[Result "1/2-1/2"]
[Round "10"]
[TimeControl "180+1"]
[Date "2022.08.09"]
[WhiteClock "0:00:03"]
[BlackClock "0:00:03"]

1. e4 c5 2. Nf3 e6 3. d4 cxd4 4. Nxd4 Bc5 5. Nb3 Bb6 6. Nc3 Ne7 7. Qe2 O-O 8. Be3 f5 9. O-O-O f4 10. Bxb6 Qxb6 11. f3 Nbc6 12. Qd2 Ng6 13. Kb1 a6 14. h4 Nge5 15. h5 h6 16. Rh4 Qe3 17. Qxe3 fxe3 18. Re1 b5 19. Rxe3 d6 20. Re1 Bb7 21. Rd1 Rad8 22. a3 Nf7 23. Rh1 Nce5 24. Be2 Rc8 25. Nd4 Rfe8 26. Rhe1 Kf8 27. Bf1 Ke7 28. Nde2 Nc4 29. Na2 Ne3 30. Rd3 Nc4 31. Nf4 Rc5 32. Rdd1 Rec8 33. Nc1 Nce5 34. c3 R5c7 35. Nb3 Rb8 36. Nd4 Bc8 37. g3 Bd7 38. Ng6+ Nxg6 39. hxg6 Ne5 40. f4 Nxg6 41. Bh3 Nf8 42. e5 dxe5 43. Rxe5 Kf6 44. Rde1 Rb6 45. g4 a5 46. g5+ Kf7 47. f5 exf5 48. Re7+ Kg6 49. gxh6 gxh6 50. Rg1+ Kf6 51. Rgg7 b4 52. Rgf7+ Kg5 53. axb4 axb4 54. Bxf5 bxc3 55. Rxf8 cxb2 56. Bc2 Ra7 57. Rg7+ Kh4 58. Rf4+ Kh3 59. Rf3+ Kh4 60. Rf4+ Kh3 61. Rf3+ Kh4 62. Rf4+ 1/2-1/2


[Site "https://www.chess.com"]

[Event "Titled Tuesday Blitz August 09 Early 2022"]
[White "Azarov, Sergei"]
[Black "Piesik, Piotr"]
[WhiteFideId "13501470"]
[BlackFideId "1136194"]
[WhiteElo "2494"]
[BlackElo "2221"]
[Result "0-1"]
[Round "10"]
[TimeControl "180+1"]
[Date "2022.08.09"]
[WhiteClock "0:00:01"]
[BlackClock "0:00:19"]

1. e4 g6 2. d4 Bg7 3. Nc3 c6 4. Nf3 d6 5. Be3 Nf6 6. Qd2 O-O 7. Bh6 Nbd7 8. Bxg7 Kxg7 9. O-O-O Qc7 10. Bd3 e5 11. h4 h5 12. Kb1 b5 13. Ne2 Re8 14. Ng3 Nf8 15. Rhe1 Bg4 16. c3 Ne6 17. Be2 Nf4 18. Ng5 Bxe2 19. Nxe2 Ne6 20. f4 exf4 21. Nxf4 Nxg5 22. hxg5 Nxe4 23. Qc2 d5 24. Rf1 Nxg5 25. Nd3 Re4 26. Ne5 Re8 27. Qf2 R8xe5 28. Qf6+ Kg8 29. dxe5 Qxe5 30. Qxc6 d4 31. cxd4 Rxd4 32. Rxd4 Qxd4 33. Qxb5 Kg7 34. Ka1 Ne4 35. Qb7 Qc4 36. Re1 Nc5 37. Qxa7 Nd3 38. Rd1 Nb4 39. Qf2 Qxa2# 0-1


[Site "https://www.chess.com"]

[Event "Titled Tuesday Blitz August 09 Early 2022"]
[White "Baches Garcia, Guillermo"]
[Black "Legenia, Artem"]
[WhiteFideId "2209764"]
[BlackFideId "14136945"]
[WhiteElo "2486"]
[BlackElo "1936"]
[Result "1-0"]
[Round "10"]
[TimeControl "180+1"]
[Date "2022.08.09"]
[WhiteClock "0:00:19"]
[BlackClock "0:00:19"]

1. e4 e5 2. Nf3 d6 3. d4 Nd7 4. c4 Ngf6 5. Nc3 c6 6. Be2 Be7 7. O-O h6 8. Qc2 O-O 9. Rd1 Qc7 10. Be3 a5 11. Rac1 Ng4 12. Bd2 Ngf6 13. h3 b6 14. Be3 Bb7 15. a3 Rac8 16. b4 axb4 17. axb4 exd4 18. Nxd4 Rfd8 19. Nf5 Bf8 20. Qb3 Ne5 21. f4 Ng6 22. Bf3 Re8 23. Re1 Qb8 24. Rcd1 c5 25. bxc5 bxc5 26. Rb1 Bxe4 27. Qxb8 Rxb8 28. Rxb8 Rxb8 29. Nxe4 Nxe4 30. Bxe4 Ne7 31. Nxe7+ Bxe7 32. Bd5 Bf6 33. Bf2 Kf8 34. Re2 Re8 35. Rxe8+ Kxe8 36. Kf1 Ba1 37. Ke2 Ke7 38. Kf3 Bb2 39. Bh4+ f6 40. Ke4 Bd4 41. Kf5 Be3 42. Bg3 g5 43. fxg5 hxg5 44. Be1 Bd4 45. g3 Kf8 46. h4 gxh4 47. gxh4 Be5 48. Kg6 Ke7 49. h5 f5 50. Kxf5 Bh8 51. Bh4+ Kd7 52. Bf6 1-0


[Site "https://www.chess.com"]

[Event "Titled Tuesday Blitz August 09 Early 2022"]
[White "Barbashin, Igor"]
[Black "Vargas, Mauricio"]
[WhiteFideId "4155718"]
[BlackFideId "4404572"]
[WhiteElo "2138"]
[BlackElo "2004"]
[Result "1-0"]
[Round "10"]
[TimeControl "180+1"]
[Date "2022.08.09"]
[WhiteClock "0:00:36"]
[BlackClock "0:00:02"]

1. d4 d5 2. c4 c6 3. e3 e6 4. Nc3 Nf6 5. Nf3 Nbd7 6. Bd3 Bd6 7. O-O O-O 8. b3 b6 9. Bb2 Ba6 10. e4 dxe4 11. Nxe4 Bc7 12. Re1 Qb8 13. d5 cxd5 14. Nxf6+ Nxf6 15. Bxf6 gxf6 16. cxd5 Bxd3 17. Qxd3 Rd8 18. Qc3 Rxd5 19. Qxf6 Rf5 20. Qh4 Kh8 21. Rac1 Bd8 22. Qh6 Be7 23. Nd4 Rg5 24. Nc6 Qb7 25. Re4 Rg6 26. Qh5 Rag8 27. g3 Rg5 28. Qxf7 R5g7 29. Qxe6 Bc5 30. Nd4 Rd8 31. Nf5 Rg6 32. Qe5+ Kg8 33. Rce1 1-0


[Site "https://www.chess.com"]

[Event "Titled Tuesday Blitz August 09 Early 2022"]
[White "Begunov, Konstantin"]
[Black "Agasarov, Benik"]
[WhiteFideId "4118510"]
[BlackFideId "13314823"]
[WhiteElo "2262"]
[BlackElo "2152"]
[Result "1-0"]
[Round "10"]
[TimeControl "180+1"]
[Date "2022.08.09"]
[WhiteClock "0:00:22"]
[BlackClock "0:01:08"]

1. d4 Nf6 2. c4 g6 3. f3 Bg7 4. e4 O-O 5. Nc3 d6 6. Be3 c5 7. dxc5 dxc5 8. Qxd8 Rxd8 9. Bxc5 Nc6 10. Nd5 Nxd5 11. cxd5 Bxb2 12. Rb1 Bc3+ 13. Kf2 Bd4+ 14. Bxd4 Nxd4 15. Ke3 e5 16. Ne2 Nxe2 17. Bxe2 b6 18. Rhc1 Bd7 19. Rc7 Kf8 20. Ba6 Ke7 21. Rbc1 Kd6 22. a4 f5 23. Bb5 f4+ 24. Kd3 Ke7 25. R1c6 Kf8 26. Rf6+ Kg7 27. Re6 Rac8 28. Rxd7+ Rxd7 29. Bxd7 Rc1 30. Rxe5 a6 31. Re6 Rb1 32. e5 Rd1+ 33. Ke4 g5 34. d6 a5 35. Re7+ Kh6 36. Bb5 Kg6 37. d7 Re1+ 38. Kd5 Kf5 39. Re8 Rd1+ 40. Kc6 Rc1+ 41. Kxb6 Rd1 42. Kxa5 g4 43. fxg4+ Kxg4 44. e6 f3 45. gxf3+ Kxf3 46. d8=Q Rg1 47. e7 Kg2 48. Qd5+ Kxh2 49. Qh5+ Kg2 50. Rg8+ Kf2 51. Rxg1 1-0


[Site "https://www.chess.com"]

[Event "Titled Tuesday Blitz August 09 Early 2022"]
[White "Belov, Vladimir"]
[Black "Levitskiy, Andrey"]
[WhiteFideId "4132394"]
[BlackFideId "14132885"]
[WhiteElo "2501"]
[BlackElo "2293"]
[Result "0-1"]
[Round "10"]
[TimeControl "180+1"]
[Date "2022.08.09"]
[WhiteClock "0:00:02"]
[BlackClock "0:00:06"]

1. e4 e6 2. d4 d5 3. Nc3 Bb4 4. e5 c5 5. a3 Bxc3+ 6. bxc3 Qa5 7. Bd2 Qa4 8. Qg4 Kf8 9. Qd1 b6 10. h4 Ba6 11. Bxa6 Nxa6 12. h5 h6 13. Rh4 Ne7 14. Rf4 cxd4 15. cxd4 Rc8 16. Qf3 Qe8 17. Qd3 Nb8 18. Bb4 Kg8 19. g4 Nbc6 20. Bd6 Na5 21. Nf3 Nc4 22. Kf1 Qd7 23. Bb4 a5 24. Be1 Rf8 25. Kg2 Rh7 26. a4 g6 27. Rf6 Rg7 28. Bd2 Kh7 29. g5 Ng8 30. Rh1 Nxd2 31. hxg6+ Rxg6 32. Rxg6 fxg6 33. Qxd2 Qf7 34. Rh3 Qf5 35. gxh6 Qe4 36. Qe2 Qf5 37. Rg3 Ne7 38. Ng5+ Kh8 39. Qg4 Qxg4 40. Rxg4 Rc8 41. Nxe6 Rxc2 42. Rf4 Nf5 43. Kh3 Kh7 44. Kg4 Kxh6 45. Rxf5 gxf5+ 46. Kxf5 Rxf2+ 47. Nf4 b5 48. axb5 a4 49. e6 Kg7 50. Ke5 a3 51. e7 Kf7 52. Kd6 Rxf4 53. Kd7 Re4 0-1


[Site "https://www.chess.com"]

[Event "Titled Tuesday Blitz August 09 Early 2022"]
[White "Bilych, Olexiy"]
[Black "Chyzy, Jakub"]
[WhiteFideId "14156504"]
[BlackFideId "21806209"]
[WhiteElo "2157"]
[BlackElo "2023"]
[Result "1/2-1/2"]
[Round "10"]
[TimeControl "180+1"]
[Date "2022.08.09"]
[WhiteClock "0:00:06"]
[BlackClock "0:00:05"]

1. e4 Nf6 2. e5 Nd5 3. d4 d6 4. c4 Nb6 5. exd6 exd6 6. Nc3 Be7 7. Bd3 O-O 8. Nge2 Bf6 9. Be3 Nc6 10. b3 Re8 11. O-O Bg4 12. Qd2 Qd7 13. Rae1 Rad8 14. f3 Bf5 15. Bxf5 Qxf5 16. d5 Ne5 17. Ne4 h6 18. N2g3 Qg6 19. Nxf6+ Qxf6 20. Bd4 Qg6 21. Re4 f5 22. Re2 Qf7 23. Qf4 g5 24. Qd2 Ng6 25. Rfe1 Rxe2 26. Qxe2 Nf4 27. Qe7 Rd7 28. Qe8+ Qxe8 29. Rxe8+ Kf7 30. Rb8 h5 31. Nxf5 Kg6 32. g4 hxg4 33. fxg4 Ne2+ 34. Kf2 Nxd4 35. Nxd4 Rh7 36. Kg3 Nd7 37. Rxb7 Nc5 38. Rb8 Ne4+ 39. Kf3 Nd2+ 40. Ke3 Nf1+ 41. Kf2 Nxh2 42. Kg3 Nf1+ 43. Kf2 Nh2 44. Kg3 Nf1+ 45. Kf3 Nh2+ 46. Kg2 Nxg4 47. Rg8+ Kf6 48. Ne6 Ne3+ 49. Kf3 Nf5 50. Rf8+ Ke5 51. Nxg5 Rh2 52. Re8+ Kf6 53. Ne4+ Kf7 54. Rc8 Rxa2 55. Rxc7+ Kg6 56. Rc6 Nd4+ 57. Ke3 Nxc6 58. dxc6 Ra6 59. Kd4 Rxc6 60. b4 a6 61. Kd5 Rb6 62. Nxd6 Rxb4 63. c5 Rb1 64. c6 Rc1 65. Nc4 Rf1 66. c7 Rf8 67. Nd6 Kf6 68. Kc6 Ke6 69. Nb7 Ke7 70. Kb6 Rc8 71. Nc5 Rxc7 72. Kxc7 a5 73. Kc6 a4 74. Nxa4 1/2-1/2


[Site "https://www.chess.com"]

[Event "Titled Tuesday Blitz August 09 Early 2022"]
[White "Bolourchifard, Farzad"]
[Black "Jaskolka, Tomasz"]
[WhiteFideId "12510084"]
[BlackFideId "1170791"]
[WhiteElo "2317"]
[BlackElo "2073"]
[Result "0-1"]
[Round "10"]
[TimeControl "180+1"]
[Date "2022.08.09"]
[WhiteClock "0:00:11"]
[BlackClock "0:00:36"]

1. e4 c5 2. Nc3 e6 3. g3 d5 4. exd5 exd5 5. Bg2 Nf6 6. Nge2 d4 7. Ne4 Nxe4 8. Bxe4 Nc6 9. O-O Be7 10. Re1 O-O 11. c3 Bg4 12. Bg2 d3 13. f3 dxe2 14. Qxe2 Be6 15. d3 Qd7 16. Be3 Rad8 17. Red1 Bf6 18. Rd2 b6 19. h4 Ne5 20. Bf1 Bh3 21. Rad1 Bxf1 22. Qxf1 Rfe8 23. Kg2 Ng4 24. Bg1 Ne3+ 25. Bxe3 Rxe3 26. d4 cxd4 27. Qf2 Rde8 28. cxd4 Qd5 29. b3 g6 30. Rc1 Kg7 31. Rc7 a6 32. Rc4 h5 33. Rdc2 a5 34. Rd2 Re1 35. Rc8 Rxc8 36. Qxe1 Bxd4 37. Qe2 Rd8 38. Qd3 Qc5 39. Qe4 Bf6 40. Re2 Qd5 41. Qe3 Qd4 42. Qc1 Qd1 43. Qc4 Rd2 44. Rxd2 Qxd2+ 45. Kh3 Qe3 46. Qf1 Bd4 47. g4 hxg4+ 48. Kxg4 Be5 49. Qd1 Qf4+ 0-1


[Site "https://www.chess.com"]

[Event "Titled Tuesday Blitz August 09 Early 2022"]
[White "Bortnyk, Olexandr"]
[Black "Sarana, Alexey"]
[WhiteFideId "14120828"]
[BlackFideId "24133795"]
[WhiteElo "2723"]
[BlackElo "2666"]
[Result "0-1"]
[Round "10"]
[TimeControl "180+1"]
[Date "2022.08.09"]
[WhiteClock "0:00:04"]
[BlackClock "0:00:14"]

1. e4 c5 2. c3 d5 3. exd5 Qxd5 4. d4 Nf6 5. Nf3 Bg4 6. Be2 e6 7. Be3 cxd4 8. cxd4 Nc6 9. Nc3 Qd6 10. a3 Be7 11. h3 Bh5 12. Qb3 O-O 13. Rd1 Rfd8 14. O-O Rac8 15. Rfe1 Qc7 16. d5 Nxd5 17. Nxd5 exd5 18. Rxd5 Rxd5 19. Qxd5 Bg6 20. Rc1 Bf6 21. Qb3 Qd7 22. Rd1 Qe7 23. Rd2 h6 24. Qd1 Qe6 25. b4 a6 26. Rd6 Qa2 27. Bd3 Qxa3 28. Bxg6 fxg6 29. Bxh6 Rd8 30. Rxd8+ Nxd8 31. Bg5 Nf7 32. Bxf6 gxf6 33. Qd4 Qc1+ 34. Kh2 Qc6 35. h4 Kg7 36. Qg4 Nh6 37. Qf4 Nf7 38. g3 b6 39. Nd4 Qd5 40. Nf3 a5 41. bxa5 bxa5 42. Kg1 a4 43. Qxa4 Qxf3 44. Qd7 Qe4 45. Qc7 Qe5 46. Qb7 Qd6 47. Qa7 Kf8 48. Qa8+ Qd8 49. Qa7 Qe7 50. Qa8+ Kg7 51. Qa2 Ne5 52. Qd5 Qd7 53. Qe4 Qc6 54. Qe2 Nf3+ 55. Kf1 Ne5 56. Kg1 Qd5 57. Qe3 Nf3+ 58. Kf1 Nd2+ 59. Kg1 Ne4 60. Qa7+ Qf7 61. Qd4 Qe7 62. Qe3 Kf7 63. Qb3+ Kf8 64. Qb8+ Kg7 65. Qb3 Nd6 66. Qd5 Nf7 67. Qf3 Qd7 68. Qe4 Ne5 69. Kg2 Qc6 70. Qxc6 Nxc6 71. Kf3 Ne5+ 72. Kf4 Kf7 73. g4 Ke6 74. f3 Nc6 75. Ke4 Ne7 76. Kf4 Nd5+ 77. Ke4 f5+ 78. gxf5+ gxf5+ 79. Kd4 Nf6 80. Ke3 Nh5 81. Kd4 Kd6 82. Kd3 Ke5 83. Ke3 Kd5 84. Kd3 Kc5 85. Kc3 Nf4 86. Kc2 Kd4 87. Kd2 Nh5 88. Ke2 f4 89. Kd2 Ng3 90. h5 Nxh5 91. Ke2 Ng3+ 92. Kf2 Kd3 93. Kg1 Ke3 94. Kg2 Ke2 0-1


[Site "https://www.chess.com"]

[Event "Titled Tuesday Blitz August 09 Early 2022"]
[White "Bressac, Stephane"]
[Black "Miszler, Levente"]
[WhiteFideId "655945"]
[BlackFideId "763276"]
[WhiteElo "2339"]
[BlackElo "1966"]
[Result "1-0"]
[Round "10"]
[TimeControl "180+1"]
[Date "2022.08.09"]
[WhiteClock "0:00:44"]
[BlackClock "0:00:02"]

1. e4 e6 2. d4 d5 3. Nd2 e5 4. dxe5 dxe4 5. Nxe4 Qxd1+ 6. Kxd1 Nc6 7. f4 Bg4+ 8. Ke1 O-O-O 9. Bd2 Bf5 10. Bd3 Nb4 11. Bxb4 Bxb4+ 12. Ke2 Ne7 13. Nf3 Nd5 14. g3 Rhe8 15. a3 Ba5 16. c4 Ne7 17. b4 Rxd3 18. Kxd3 Rd8+ 19. Ke3 Bb6+ 20. c5 Nd5+ 21. Kf2 Bxe4 22. cxb6 axb6 23. Rhd1 c6 24. Rac1 h6 25. Nd4 Kb8 26. e6 Bg6 27. e7 Nxe7 28. Nf3 Nd5 29. Ne5 Re8 30. Nxg6 fxg6 31. Re1 Rf8 32. Kg2 Kc7 33. b5 Kd7 34. Re5 Ra8 35. bxc6+ bxc6 36. f5 gxf5 37. Rxf5 Rxa3 38. Rf7+ Kd6 39. Rxg7 Ra2+ 40. Kh3 c5 41. Rg6+ Kc7 42. Rf1 Re2 43. Rf7+ Re7 44. Rf5 Rd7 45. Rxh6 c4 46. Rhh5 Kc6 47. Rh8 b5 48. Rc8+ Kb6 49. g4 c3 50. g5 b4 51. g6 Kb7 52. Rc4 b3 53. Rf7 1-0


[Site "https://www.chess.com"]

[Event "Titled Tuesday Blitz August 09 Early 2022"]
[White "Bristy, Mukherjee"]
[Black "Navarrete Mendez, Gonzalo Alberto"]
[WhiteFideId "25077325"]
[BlackFideId "5106850"]
[WhiteElo "1661"]
[BlackElo "2261"]
[Result "1-0"]
[Round "10"]
[TimeControl "180+1"]
[Date "2022.08.09"]
[WhiteClock "0:00:18"]
[BlackClock "0:00:15"]

1. d4 d5 2. c3 c5 3. dxc5 e6 4. e4 Bxc5 5. exd5 Nf6 6. Bb5+ Ke7 7. b4 Bxf2+ 8. Kxf2 Qb6+ 9. Be3 Qxb5 10. Bc5+ Ke8 11. dxe6 Bxe6 12. Nd2 Nc6 13. h3 Rd8 14. Ngf3 Qd3 15. Qe2 b6 16. Be3 Ke7 17. Nd4 Qxe2+ 18. Kxe2 Nxd4+ 19. Bxd4 Nd5 20. Kf2 f6 21. Rhe1 Kf7 22. Nf3 Nf4 23. Re3 Bd5 24. Rae1 Rhe8 25. Rxe8 Rxe8 26. Rxe8 Kxe8 27. Ne1 Bxa2 28. Ke3 Ne6 29. h4 Bd5 30. g3 Kf7 31. Nd3 g5 32. hxg5 fxg5 33. Be5 h5 34. Nf2 h4 35. gxh4 gxh4 36. Bb8 1-0


[Site "https://www.chess.com"]

[Event "Titled Tuesday Blitz August 09 Early 2022"]
[White "Broca Jimenez, Fernando"]
[Black "Quirke, Jeffrey"]
[WhiteFideId "5104742"]
[BlackFideId "2013029"]
[WhiteElo "2062"]
[BlackElo "2218"]
[Result "0-1"]
[Round "10"]
[TimeControl "180+1"]
[Date "2022.08.09"]
[WhiteClock "0:00:03"]
[BlackClock "0:00:14"]

1. e4 e5 2. Nf3 Nc6 3. Bb5 a6 4. Ba4 d6 5. O-O Bd7 6. c3 g5 7. d4 g4 8. Ne1 h5 9. Be3 Bh6 10. Nd2 Bxe3 11. fxe3 Qg5 12. Qe2 Nh6 13. Nd3 O-O-O 14. d5 Ne7 15. Bxd7+ Kxd7 16. Nb4 f5 17. exf5 Nhxf5 18. e4 Qe3+ 19. Rf2 Qxe2 20. Rxe2 Nh6 21. Rf1 Rhf8 22. Ref2 Rxf2 23. Rxf2 Rg8 24. Rf6 Rh8 25. g3 Ke8 26. Nd3 Nhg8 27. Rf2 Rh7 28. b4 Rf7 29. a4 Rxf2 30. Kxf2 Nf6 31. Ke3 Kd7 32. c4 b6 33. c5 bxc5 34. bxc5 c6 35. cxd6 Kxd6 36. Nc4+ Kd7 37. Ndxe5+ Kc8 38. dxc6 Kc7 39. Na5 Kd6 40. Nec4+ Kc5 41. Ne5 Ne8 42. Nd7+ Kb4 43. Nb7 Kxa4 44. Nbc5+ Kb5 45. Ne6 Kxc6 0-1


[Site "https://www.chess.com"]

[Event "Titled Tuesday Blitz August 09 Early 2022"]
[White "Bryakin, Mikhail"]
[Black "Aradhya, Garg"]
[WhiteFideId "4165314"]
[BlackFideId "25006746"]
[WhiteElo "2353"]
[BlackElo "2203"]
[Result "0-1"]
[Round "10"]
[TimeControl "180+1"]
[Date "2022.08.09"]
[WhiteClock "0:00:23"]
[BlackClock "0:00:40"]

1. b3 e5 2. Bb2 Nc6 3. c4 Nf6 4. g3 a5 5. a3 d5 6. Bg2 Be6 7. d3 a4 8. Nc3 axb3 9. Qxb3 Nd4 10. Qd1 dxc4 11. e3 Nb3 12. dxc4 Nxa1 13. Qxa1 c6 14. Nf3 Bxc4 15. Nxe5 Ba6 16. Qa2 Qc7 17. Ne4 Nxe4 18. Bxe4 Bd6 19. Nc4 O-O 20. O-O Rfe8 21. Bd3 Bxc4 22. Bxc4 Be5 23. Bc1 b5 24. Bb3 Rad8 25. a4 Ra8 26. Qc2 Qa7 27. axb5 cxb5 28. Bd2 Rec8 29. Qf5 Bc3 30. Rc1 b4 31. e4 g6 32. Qf3 Bxd2 33. Rd1 Rc1 34. Rxc1 Bxc1 35. e5 Re8 36. Qc6 Rxe5 37. Qxc1 Qc5 38. Qd2 Qc3 39. Qd8+ Kg7 40. Bd1 b3 0-1


[Site "https://www.chess.com"]

[Event "Titled Tuesday Blitz August 09 Early 2022"]
[White "Buscar, Michael"]
[Black "Martin Alvarez, Inigo"]
[WhiteFideId "2603616"]
[BlackFideId "2259354"]
[WhiteElo "2010"]
[BlackElo "2308"]
[Result "0-1"]
[Round "10"]
[TimeControl "180+1"]
[Date "2022.08.09"]
[WhiteClock "0:00:24"]
[BlackClock "0:00:38"]

1. d4 f5 2. g3 g6 3. Bg2 Nf6 4. Nh3 Bg7 5. Nf4 d6 6. d5 O-O 7. h4 c6 8. c4 cxd5 9. cxd5 Qa5+ 10. Nd2 Na6 11. Kf1 Nc5 12. Nf3 Nce4 13. Be3 Ng4 14. Bd4 Bxd4 15. Qxd4 Qb6 16. h5 Qxd4 17. Nxd4 Ngxf2 18. Bxe4 Nxe4 19. hxg6 Nxg3+ 20. Kg2 Nxh1 21. Rxh1 hxg6 22. Nxg6 Rf6 23. Nxe7+ Kf7 24. Rh7+ Ke8 25. Nb5 Rb8 26. Nc7+ Kd8 27. b4 Bd7 28. Ne6+ Bxe6 29. dxe6 Rxe6 30. Rh8+ Kxe7 31. Rxb8 Rxe2+ 32. Kf3 Rxa2 33. Rxb7+ Ke6 34. Rb8 Ke5 35. Ke3 Ra3+ 36. Kd2 f4 37. Re8+ Kd4 38. Rf8 f3 39. Rf4+ Ke5 40. Rf8 d5 41. b5 f2 42. Ke2 Ra2+ 43. Kf1 Kd4 44. Rb8 Kc5 45. Rb7 d4 46. Rb8 d3 47. Rd8 Kc4 48. Rd7 d2 49. Ke2 Kxb5 0-1


[Site "https://www.chess.com"]

[Event "Titled Tuesday Blitz August 09 Early 2022"]
[White "Clawitter, Craig"]
[Black "Palencia Morales, Wilson Guillermo"]
[WhiteFideId "2023105"]
[BlackFideId "4401859"]
[WhiteElo "2190"]
[BlackElo "2098"]
[Result "0-1"]
[Round "10"]
[TimeControl "180+1"]
[Date "2022.08.09"]
[WhiteClock "0:00:03"]
[BlackClock "0:00:20"]

1. e4 c5 2. Nf3 d6 3. d4 cxd4 4. Nxd4 Nf6 5. Nc3 g6 6. Be3 Bg7 7. f3 O-O 8. Qd2 Nc6 9. Bc4 Ne5 10. Bb3 Bd7 11. Bh6 Rc8 12. h4 Qa5 13. Bxg7 Kxg7 14. h5 Nc4 15. Bxc4 Rxc4 16. hxg6 fxg6 17. Nb3 Qe5 18. Qh6+ Kg8 19. O-O-O Rxc3 20. bxc3 Rc8 21. Nd4 Rxc3 22. f4 Qxe4 23. Rhe1 Re3 24. Rxe3 Qxe3+ 25. Kb2 e5 26. Nb3 Ne4 27. Rh1 Nf6 28. fxe5 Qxh6 29. Rxh6 dxe5 30. Rh4 Bc6 31. g3 h5 32. Na5 Be4 33. Rxe4 Nxe4 34. Nxb7 Nxg3 35. c4 Ne4 36. c5 Nf6 37. c6 Ne8 38. Nd8 h4 39. Ne6 h3 0-1


[Site "https://www.chess.com"]

[Event "Titled Tuesday Blitz August 09 Early 2022"]
[White "Daeschler, Florian"]
[Black "Ezov"]
[WhiteFideId "20678193"]
[WhiteElo "2187"]
[BlackElo "2291"]
[Result "1-0"]
[Round "10"]
[TimeControl "180+1"]
[Date "2022.08.09"]
[WhiteClock "0:01:34"]
[BlackClock "0:00:10"]

1. b3 e5 2. Bb2 d6 3. e3 f5 4. c4 Nf6 5. Ne2 g6 6. d4 e4 7. h4 Bg7 8. Nf4 O-O 9. Be2 c6 10. d5 c5 11. Nc3 a6 12. a4 Qe7 13. a5 Bd7 14. Na4 Ng4 15. Bxg7 Qxg7 16. Nb6 Qc3+ 17. Kf1 Nxe3+ 18. fxe3 Qxe3 19. Qc1 Qxc1+ 20. Rxc1 Ra7 21. Kf2 Kf7 22. Ke3 Kf6 23. Rcf1 Ke5 24. g4 fxg4 25. Nxg6+ hxg6 26. Rxf8 Bf5 27. Rxb8 1-0


[Site "https://www.chess.com"]